Unix NetHack Version 5.0.0-0 post-release - last build Jun 10 2026 00:39:30 (3ee93aec679c4c4259841fe613dc97188e26a321,branch:main).

Game began 2026-06-14 15:52:55, ended 2026-06-14 15:58:20.

GdeVolpiano, lawful male human Archeologist

                                                          ---
                                                         |..--
                                                        --...|
                                                        .)...|.
                                                        .--..<.
                                                       ..---..--
                                                   ...|.....).)|
                                                   .).|.--------
                                                   ..)..|
                                                    .).-------
                                                   ).G...|.|.--
                                                   G@. .......--
                                                   -...........|
                                                    .^.".......|
                                                    -.--...-----
                                                       --..|
                                                        ----
GdeVolpiano the Field Worker  St:12 Dx:10 Co:15 In:16 Wi:14 Ch:8  Lawful
Dlvl:3  $:53 HP:0(23) Pw:15(15) AC:7  Xp:3 T:841 

Latest messages:
 z - a scroll of create monster.
 There is a gnome corpse here; eat it? [ynq] (n)
 This gnome corpse is stringy.
 You hear crashing rock.
 You are hit by an arrow.
 You finish eating the gnome corpse.
 You swap places with Indy.
 A - a scroll of create monster.
 B - 2 red gems.
 A crossbow bolt misses you.
 You are hit by a crossbow bolt.
 You hear the wailing of the Banshee...
 #
 Are you sure you want to pray? [yn] (n)
 You begin praying to Quetzalcoatl.
 You are surrounded by a shimmering light.
 Indy drops an arrow.
 You finish your prayer.
 You feel that Quetzalcoatl is pleased.
 You feel much better.
 What do you want to use or apply? [eg-iop or ?*]
 What do you want to rub on the stone? [$B or ?*]
 B - 2 garnet stones.
 You swap places with Indy.
 C - a cubical amulet.
 What do you want to drop? [$b-eg-ln-rtw-zA-C or ?*]
 You drop a cubical amulet.
 You see here 2 yellowish brown gems.
 An arrow shoots out at you!
 You are hit by an arrow!
 D - 2 yellowish brown gems.
 What do you want to use or apply? [eg-iop or ?*]
 What do you want to rub on the stone? [$D or ?*]
 D - 2 amber stones.
 You are hit by an arrow!
 The gnome swings his thonged club.
 The gnome hits!
 It bites the gnome.
 The gnome swings his thonged club at it.
 The gnome hits it.
 You have a sad feeling for a moment, then it passes.
 You hit the gnome.
 The gnome swings his bow.
 The gnome hits!
 You kill the gnome!
 You hit the gnome.
 The gnome swings his thonged club.
 The gnome hits!
 You die...
 Do you want your possessions identified? [ynq] (y)

Inventory:
 Coins    ('$')
  $ - 53 gold pieces
 Armor    ('[')
  c - an uncursed +0 fedora (being worn)
  x - an uncursed +0 pair of iron shoes (being worn)
  y - an uncursed +0 dwarvish cloak (being worn)
  b - an uncursed +0 leather jacket (being worn)
 Comestibles  ('%')
  k - 2 uncursed cram rations
  o - an uncursed cream pie
  d - 6 uncursed food rations
  l - an uncursed fortune cookie
  j - 2 uncursed lichen corpses
 Scrolls  ('?')
  A - a blessed scroll of create monster
  z - a cursed scroll of create monster
  q - a blessed scroll of identify
  r - an uncursed scroll of identify
 Potions  ('!')
  t - an uncursed potion of fruit juice
  w - a blessed potion of sleeping
  n - an uncursed potion of sleeping
 Tools    ('(')
  h - an empty uncursed sack
  i - an uncursed oil lamp
  p - an uncursed pair of lenses (being worn)
  e - a +0 pick-axe (weapon in right hand)
 Gems/Stones  ('*')
  D - 2 cursed amber stones
  B - 2 uncursed garnet stones
  g - an uncursed touchstone

GdeVolpiano the Archeologist's attributes:

Background:
 You were a Field Worker, a level 3 male human Archeologist.
 You were lawful, on a mission for Quetzalcoatl
 who was opposed by Camaxtli (neutral) and Huhetotl (chaotic).
 You were right-handed.
 You were in the Gnomish Mines, on level 3.
 You entered the dungeon 841 turns ago.
 There was a new moon in effect when your adventure ended.
 You had 70 experience points, 10 more were needed to attain level 4.

Basics:
 You had 0 out of 23 hit points.
 You had all 15 energy points (spell power).
 Your armor class was 7.
 Your wallet contained 53 zorkmids.
 Autopickup was on for '$?!/="+' plus thrown, with exceptions.

Final Characteristics:
 Your strength was 12 (limit:18/100).
 Your dexterity was 10 (limit:18).
 Your constitution was 15 (limit:18).
 Your intelligence was 16 (limit:18).
 Your wisdom was 14 (limit:18).
 Your charisma was 8 (limit:18).

Final Status:
 You weren't hungry.
 You were unencumbered.
 You were wielding a pick-axe.
 You had basic skill with pick-axe.

Final Attributes:
 You were fervently aligned.
 Your items were somewhat protected from fire.
 Your items were somewhat protected from cold.
 You had automatic searching.
 You were warded.
 You were lucky.
 You are dead.

Miscellaneous:
 You didn't encounter any bones levels.
 Total elapsed playing time was 5 minutes and 24 seconds.

Major events:
 Turn
    1: GdeVolpiano the lawful male human Archeologist entered the dungeon
  326: entered the Gnomish Mines
  751: attained the rank of Field Worker (level 3)
  841: killed by a gnome

Spells:
 Name                 Level Category     Fail Retention
 detect monsters        1   divination    14%  76%-100%

Skills:
 Fighting Skills
   bare handed combat [Unskilled]
   two weapon combat  [Unskilled]
   riding             [Unskilled]
 Weapon Skills
   dagger             [Unskilled]
   knife              [Unskilled]
   pick-axe           [Basic]
   short sword        [Unskilled]
   saber              [Unskilled]
   club               [Unskilled]
   quarterstaff       [Unskilled]
   sling              [Unskilled]
   dart               [Unskilled]
   boomerang          [Unskilled]
   whip               [Basic]
   unicorn horn       [Unskilled]
 Spellcasting Skills
   attack spells      [Unskilled]
   healing spells     [Unskilled]
   divination spells  [Unskilled]
   matter spells      [Unskilled]

Voluntary challenges:
 Character rerolling was not enabled.
 You never genocided any monsters.
 You never polymorphed an object.
 You never changed form.
 You used no wishes.
Achievements:
 You entered the Gnomish Mines.
 You attained the rank of Field Worker.

 The Dungeons of Doom: levels 1 to 3
    Level 1:
       A fountain.
    Level 2:
       A fountain.
       Stairs down to The Gnomish Mines.
    Level 3:
 The Gnomish Mines:
    Level 3: <- You were here.
       Final resting place for
          you, killed by a gnome.


Vanquished creatures:
  a little dog
  a dwarf
  6 gnomes
  5 jackals
  a fox
  a goblin
  a sewer rat
  3 grid bugs
  2 lichens
  2 newts
23 creatures vanquished.

No species were genocided or became extinct.

Game over:
                       ----------
                      /          \
                     /    REST    \
                    /      IN      \
                   /     PEACE      \
                  /                  \
                  |   GdeVolpiano    |
                  |      53 Au       |
                  |   killed by a    |
                  |      gnome       |
                  |                  |
                  |                  |
                  |       2026       |
                 *|     *  *  *      | *
        _________)/\\_//(\/(/\)/\//\/|_)_______

Goodbye GdeVolpiano the Archeologist...

You died in The Gnomish Mines on dungeon level 3 with 428 points,
and 53 pieces of gold, after 841 moves.
You were level 3 with a maximum of 23 hit points when you died.

